 Dungeon Crawl Stone Soup version 0.31-a0-538-gbc85326fa9 (webtiles) character file.

Game seed: 7949056230611197613

15663 zero the Geomancer (level 12, -1/71 HPs)
             Began as a Gargoyle Earth Elementalist on Aug 13, 2023.
             Was a High Priest of Vehumet.
             Slain by a cane toad (5 damage)
             ... on level 2 of the Lair of Beasts.
             The game lasted 00:17:31 (11120 turns).

zero the Geomancer (Gargoyle Earth Elementalist)   Turns: 11120, Time: 00:17:31

Health: -1/71      AC: 20    Str: 13    XL:     12   Next: 29%
Magic:  11/26      EV: 12    Int: 26    God:    Vehumet [*****.]
Gold:   1489       SH:  9    Dex: 10    Spells: 18/31 levels left

rFire   + . .        N - +3 dagger (drain)
rCold   . . .        K - +0 buckler
rNeg    + . .        B - +0 troll leather armour {Pargi}
rPois   ∞            M - +2 hat {Stlth+}
rElec   +            x - scarf {shadows}
rCorr   .            m - +2 pair of gloves
SInv    .            v - +2 pair of boots {Stlth+}
Will    .....        f - amulet of reflection
Stlth   ++++         A - ring of protection from fire
HPRegen 1.11/turn    O - +6 ring of intelligence
MPRegen 0.20/turn

%: reflection
@: no status effects
A: sickness immunity, AC +8, negative energy resistance 1, electricity
resistance, torment resistance 1, petrification resistance
a: Renounce Religion


You were on level 2 of the Lair of Beasts.
You worshipped Vehumet.
Vehumet was extremely pleased with you.
You visited 2 branches of the dungeon, and saw 12 of its levels.
You also visited: Sewer, Ossuary and Bailey.

You collected 1489 gold pieces.

Inventory:

Hand Weapons
 w - a +0 rapier
 N - a +3 dagger of draining (weapon)
Missiles
 n - 5 curare-tipped darts
 C - a throwing net
Armour
 m - a +2 pair of gloves (worn)
 v - a +2 pair of boots of stealth (worn)
 x - a scarf of shadows (worn)
 B - a +0 troll leather armour (worn) {Pargi}
 K - a +0 buckler (worn)
 M - a +2 hat of stealth (worn)
Magical Staves
 g - a staff of poison
 r - a staff of air
Jewellery
 f - an amulet of reflection (around neck)
 k - a +4 ring of slaying
 A - a ring of protection from fire (left hand)
 O - a +6 ring of intelligence (right hand)
Wands
 y - a wand of flame (31)
Scrolls
 a - a scroll of brand weapon
 d - 8 scrolls of enchant weapon
 h - 3 scrolls of blinking
 t - a scroll of vulnerability
 G - 3 scrolls of amnesia
 H - 3 scrolls of immolation
 I - 4 scrolls of teleportation
 J - a scroll of fear
 L - a scroll of revelation
Potions
 b - 3 potions of magic
 c - a potion of cancellation {unknown}
 e - 2 potions of ambrosia
 i - a potion of degeneration {unknown}
 j - 3 potions of mutation
 l - 2 potions of attraction
 o - 3 potions of invisibility
 p - 5 potions of curing
 q - 2 potions of berserk rage {unknown}
 s - 2 potions of might
 u - 3 potions of heal wounds
 z - a potion of enlightenment
 D - 2 potions of haste {unknown}
 E - 2 potions of lignification {unknown}
 F - 2 potions of brilliance {unknown}


   Skills:
 + Level 6.7 Fighting
 - Level 5.0 Armour
 + Level 4.3 Dodging
 - Level 2.1 Stealth
 - Level 3.0 Shields
 - Level 10.0 Spellcasting
 + Level 6.5 Conjurations
 - Level 3.0 Transmutations
 * Level 6.5 Fire Magic
 - Level 12.0 Earth Magic


You had 18 spell levels left.
You knew the following spells:

 Your Spells              Type           Power      Damage    Failure   Level
a - Sandblast             Erth           100%       2d20      1%          1
b - Stone Arrow           Conj/Erth      100%       3d13      1%          3
c - Petrify               Tmut/Erth      51%        N/A       3%          4
e - Fireball              Conj/Fire      23%        3d11      4%          5

Your spell library contained the following spells:

 Spells                   Type           Power      Damage    Failure   Level
 Flame Wave               Conj/Fire      47%        2d12      1%          4
 Magic Dart               Conj           100%       1d8       1%          1
 Passwall                 Tmut/Erth      42%        N/A       1%          2
 Hailstorm                Conj/Ice       30%        3d8       1%          3
 Volatile Blastmotes      Fire/Tloc      60%        2d15      1%          3
 Freeze                   Ice            52%        1d6       2%          1
 Mephitic Cloud           Conj/Pois/Air  24%        N/A       2%          3
 Wereblood                Tmut           28%        N/A       3%          2
 Fulminant Prism          Conj/Hex       15%        3d10      5%          4
 Iskenderun's Mystic Bla  Conj/Tloc      30%        2d8       5%          4
 Frozen Ramparts          Ice            26%        1d4       6%          3
 Call Imp                 Summ           26%        N/A       12%         2
 Ozocubu's Armour         Ice            13%        N/A       22%         3
 Manifold Assault         Tloc           13%        N/A       58%         4
 Metabolic Englaciation   Hex/Ice        6%         N/A       91%         5
 Dispersal                Tloc           6%         N/A       100%        6
 Simulacrum               Ice/Necr       6%         N/A       100%        6
 Summon Hydra             Summ           6%         N/A       100%        7
 Disjunction              Tloc           6%         N/A       100%        8
 Sublimation of Blood     Necr           Unusable   N/A       N/A         2

Dungeon Overview and Level Annotations

Branches:
Dungeon (10/15)            Temple (0/1) D:5            Lair (2/5) D:10
  Sewer (visited)         Ossuary (visited)          Bailey (visited)
  Swamp: Lair:2-3    Shoals: Lair:2-3     Snake: Lair:2-3    Spider: Lair:2-3
    Orc: D:9-12

Altars:
Dithmenos
Elyvilon
Ru
Trog
Vehumet
Xom

Shops:
D:6 :

Annotations:
D:4 2 runed translucent doors
D:9 2 transporters, night's ghost, novice VSSh


Innate Abilities, Weirdness & Mutations

You are immune to sickness and miasma.
Your stone body is resilient. (AC +8)
You are immune to poison.
You resist negative energy. (rN+)
You are resistant to electric shocks. (rElec)
You are resistant to unholy torment.
You are immune to petrification.


Message History

Casting: Sandblast (safe; 1% risk of failure)
Confirm with . or Enter, or press ? or * to list all spells.
Aiming: Stone Arrow (safe; 1% risk of failure)
Press: ? - help, Shift-Dir - straight line, f/p - cane toad
Aim: a cane toad (severely wounded, 81% to hit)
The stone arrow misses the cane toad.
The cane toad misses you. The cane toad stings you! x2
* * * LOW HITPOINT WARNING * * *
Casting: Stone Arrow (safe; 1% risk of failure)
Confirm with . or Enter, or press ? or * to list all spells.
Aiming: Stone Arrow (safe; 1% risk of failure)
Press: ? - help, Shift-Dir - straight line, f/p - cane toad
Aim: a cane toad (severely wounded, 81% to hit)
The stone arrow misses the cane toad.
The cane toad stings you.
* * * LOW HITPOINT WARNING * * *
The cane toad stings you but does no damage.
You block the cane toad's attack. The cane toad stings you.
* * * LOW HITPOINT WARNING * * *
The cane toad barely misses you.
Casting: Stone Arrow (safe; 1% risk of failure)
Confirm with . or Enter, or press ? or * to list all spells.
Aiming: Stone Arrow (safe; 1% risk of failure)
Press: ? - help, Shift-Dir - straight line, f/p - cane toad
Aim: a cane toad (severely wounded, 81% to hit)
The stone arrow hits the cane toad!
You kill the cane toad!
Vehumet accepts your kill. The cane toad stings you.
* * * LOW HITPOINT WARNING * * *
You block the cane toad's attack.
Casting: Stone Arrow (safe; 1% risk of failure)
Confirm with . or Enter, or press ? or * to list all spells.
Aiming: Stone Arrow (safe; 1% risk of failure)
Press: ? - help, Shift-Dir - straight line, f - cane toad
Aim: a cane toad (81% to hit)
The stone arrow hits the cane toad!!
The cane toad is heavily wounded.
You block the cane toad's attack. The cane toad closely misses you.
The cane toad stings you.
You die...

#... .##
....####..#
#..#...#..###
...........#
.. #........##
...#.8.8F....#
..#....@..#..
......<.F....+
..........#...
..##.8.8.## .#
.......#
.........
.#.......#.
#..###.#...


You could see 2 cane toads.

Vanquished Creatures
  Gastronok (D:8)
  Erica (D:8)
  A boulder beetle (Lair:1)
  A black mamba (Lair:2)
  8 cane toads
  3 kobold demonologists (D:10)
  A komodo dragon (Lair:1)
  A troll (D:9)
  Grinder (D:5)
  Grum (D:8)
  3 wyverns
  A shadow (D:10)
  A wraith (D:10)
  15 yaks
  2 vampire mosquitoes (D:9)
  A steam dragon (D:10)
  An acid dragon (D:10)
  6 water moccasins
  Pargi (Sewer)
  2 ice beasts
  2 orc warriors (Bailey)
  2 black bears
  2 centaurs
  2 ogres (D:5)
  9 wolves
  2 phantoms
  A kobold brigand (D:8)
  5 bullfrogs
  2 gnoll sergeants (D:8)
  6 scorpions
  10 wights
  20 killer bees
  A howler monkey (D:5)
  2 electric eels (D:6)
  3 hounds
  6 jellies
  2 orc priests (D:10)
  A sleepcap (D:5)
  3 iguanas
  3 orc wizards
  3 mummies (Ossuary)
  22 gnolls
  5 adders
  3 white imps
  2 ufetubi
  5 adder zombies (Ossuary)
  5 worms
  2 dart slugs
  20 orcs
  4 endoplasms
  2 giant cockroaches
  13 goblins
  10 hobgoblins
  A jackal (D:2)
  A quokka (D:3)
  9 ball pythons
  4 bats
  11 frilled lizards
  A gnoll zombie (Ossuary)
  4 goblin zombies (Ossuary)
  3 hobgoblin zombies (Ossuary)
  29 kobolds
  3 kobold zombies (Ossuary)
  3 rats (D:1)
  2 rat zombies (Ossuary)
303 creatures vanquished.

Vanquished Creatures (others)
  A kobold brigand (D:9)
  An orc wizard (D:10)
2 creatures vanquished.

Grand Total: 305 creatures vanquished

Notes
Turn   | Place    | Note
-------+----------+-------------------------------------------
     0 | D:1      | zero the Gargoyle Earth Elementalist began the quest for
                  | the Orb.
     0 | D:1      | Reached XP level 1. HP: 10/10 MP: 3/3
   167 | D:1      | Reached XP level 2. HP: 15/15 MP: 3/5
   197 | D:1      | Reached skill level 4 in Earth Magic
   511 | D:1      | Reached XP level 3. HP: 19/19 MP: 3/6
   515 | D:1      | Learned a level 3 spell: Stone Arrow
  1142 | D:1      | Reached XP level 4. HP: 17/24 MP: 1/8
  1336 | D:2      | Found a white marble altar of Elyvilon.
  1392 | D:2      | Reached skill level 1 in Conjurations
  1457 | D:2      | Learned a level 4 spell: Petrify
  1494 | D:3      | Reached skill level 1 in Fighting
  1606 | D:3      | Found a radiant altar of Vehumet.
  1634 | D:3      | Became a worshipper of Vehumet
  1638 | D:3      | Reached skill level 5 in Earth Magic
  1750 | D:3      | Reached XP level 5. HP: 29/29 MP: 7/9
  2017 | D:3      | Found a faded altar of an unknown god.
  2017 | D:3      | Found a bloodstained altar of Trog.
  2026 | D:3      | Found a shadowy altar of Dithmenos.
  2028 | D:3      | Found a white marble altar of Elyvilon.
  2031 | D:3      | Found a faded altar of an unknown god.
  2138 | D:3      | Found a faded altar of an unknown god.
  2310 | D:4      | Noticed a phantom
  2315 | D:4      | Killed a phantom
  2529 | D:4      | Found a large runed translucent door.
  2529 | D:4      | Found a large runed translucent door.
  2572 | D:4      | Reached XP level 6. HP: 29/34 MP: 7/12
  2577 | D:4      | Reached skill level 6 in Earth Magic
  2971 | D:4      | Found a glowing drain.
  2987 | Sewer    | Entered a sewer
  3121 | Sewer    | Noticed Pargi
  3125 | Sewer    | Killed Pargi
  3126 | Sewer    | Reached XP level 7. HP: 38/38 MP: 10/14
  3259 | D:4      | Reached * piety under Vehumet
  3259 | D:4      | Offered knowledge of Freeze by Vehumet.
  3343 | D:5      | Entered Level 5 of the Dungeon
  3343 | D:5      | Noticed Grinder
  3345 | D:5      | Paralysed by Grinder for 5 turns
  3354 | D:5      | Killed Grinder
  3355 | D:5      | Reached skill level 5 in Spellcasting
  3355 | D:5      | Reached skill level 7 in Earth Magic
  3559 | D:5      | Reached skill level 1 in Transmutations
  3559 | D:5      | Reached skill level 8 in Earth Magic
  3559 | D:5      | Reached XP level 8. HP: 40/43 MP: 13/16
  3962 | D:5      | Found a staircase to the Ecumenical Temple.
  4062 | D:5      | Found a shimmering altar of Xom.
  4418 | D:6      | Found Feuteito's Vocational Training.
  4442 | D:6      | Reached skill level 9 in Earth Magic
  4563 | D:6      | Reached XP level 9. HP: 41/47 MP: 15/19
  4636 | D:6      | Reached ** piety under Vehumet
  4636 | D:6      | Offered knowledge of Shock by Vehumet.
  4855 | D:6      | Reached skill level 10 in Earth Magic
  4915 | D:6      | Learned a level 4 spell: Petrify
  5474 | D:7      | Found a flagged portal.
  5491 | Bailey   | Entered a bailey
  5497 | Bailey   | Noticed an orc warlord
  5505 | Bailey   | Offered knowledge of Inner Flame by Vehumet.
  5563 | Bailey   | Reached *** piety under Vehumet
  5573 | Bailey   | Found a runed translucent gate.
  5573 | Bailey   | Found a runed translucent gate.
  5573 | Bailey   | Found a runed translucent gate.
  5798 | D:7      | Acquired 803 gold pieces
  5917 | D:7      | Reached skill level 11 in Earth Magic
  6159 | D:7      | Offered knowledge of Ignite Poison by Vehumet.
  6267 | D:7      | Reached XP level 10. HP: 52/52 MP: 22/22
  6420 | D:8      | Noticed Erica
  6422 | D:8      | Noticed Gastronok
  6426 | D:8      | Killed Erica
  6506 | D:8      | Found a sand-covered staircase.
  6517 | Ossuary  | Entered an ossuary
  6695 | Ossuary  | Reached **** piety under Vehumet
  6768 | D:8      | Offered knowledge of Fireball by Vehumet.
  7066 | D:8      | Noticed Grum
  7068 | D:8      | Reached skill level 12 in Earth Magic
  7072 | D:8      | Killed Grum
  7481 | D:8      | Killed Gastronok
  7496 | D:8      | Learned a level 5 spell: Fireball
  7887 | D:9      | Reached skill level 1 in Fire Magic
  7912 | D:9      | Reached XP level 11. HP: 59/62 MP: 22/24
  7914 | D:9      | Reached skill level 1 in Shields
  8030 | D:9      | Found a transporter.
  8033 | D:9      | Noticed an eight-headed hydra
  8034 | D:9      | Noticed a moth of wrath
  8034 | D:9      | Noticed night's ghost (novice VSSh)
  8128 | D:9      | Found a sacrificial altar of Ru.
  8230 | D:9      | Found a transporter.
  8622 | D:9      | Reached skill level 5 in Fighting
  9060 | D:10     | Entered Level 10 of the Dungeon
  9150 | D:9      | Reached ***** piety under Vehumet
  9219 | D:10     | Reached skill level 5 in Conjurations
  9222 | D:10     | Offered knowledge of Flame Wave by Vehumet.
  9363 | D:10     | Reached skill level 5 in Armour
  9765 | D:10     | Found a staircase to the Lair.
  9998 | Lair:1   | Entered Level 1 of the Lair of Beasts
 10039 | Lair:1   | Noticed a boulder beetle
 10098 | Lair:1   | Killed a boulder beetle
 10256 | Lair:1   | Reached skill level 10 in Spellcasting
 10317 | Lair:1   | Reached skill level 5 in Fire Magic
 10555 | Lair:1   | Reached XP level 12. HP: 35/70 MP: 22/26
 11119 | Lair:2   | HP: 3/71 [cane toad (6)]
 11120 | Lair:2   | Slain by a cane toad

Illustrated notes

Levels and vault maps discovered:
D:1:      saegor_arrival_simple_d, layout_rooms
D:2:      minmay_spotlight, layout_rooms, basic_altar
D:3:      layout_loops_ring, chequers_temple_overflow_minitemple,
          old_standard_altar, dilly_ecumenical_altar_fadedgnrine,
          minmay_hedge_maze
D:4:      layout_rooms, jmf_multi_god_temple2, cheibrodos_sewer_entry_bend
D:5:      layout_basic, tgw_xom, minmay_temple_entry_statues_fountains,
          uniq_grinder
D:6:      kennysheep_spiral_hall, layout_cave_pools, serial_bayou_ford_a,
          nicolae_shop_vocational
D:7:      layout_gridville, enter_bailey_5
D:8:      layout_basic, lightli_ossuary_entry_decrepit_ruins,
          grunt_ministairs_1, uniq_gastronok, uniq_erica, uniq_grum
D:9:      layout_long_grid, nicolae_ru_the_path_less_chosen,
          gammafunk_ghost_berserking_beasts, serial_co_window_serial,
          co_window_paths_a, co_window_corner_a, co_window_corner_a,
          co_window_paths_b, co_window_paths_a, co_window_corner_ca,
          co_window_2corner, co_window_paths_c, co_window_of_opportunity_c,
          co_window_broadway_a, co_window_paths_d, glass_columns_c,
          glass_columns_b, glass_columns_a, glass_columns_a
D:10:     layout_cave_pools, dpeg_oklobed_lair
Lair:1:   layout_roguey, infiniplex_staircase_pool_2
Lair:2:   layout_cave_pods, guppyfry_snake_entry_island, beast_lair_carwin_5,
          infiniplex_staircase_pool, grunt_megastairs_2, serial_bayou_shore_b

Skill      XL: |  1  2  3  4  5  6  7  8  9 10 11 12 |
---------------+-------------------------------------+-----
Earth Magic    | 4 5 6 8 9 11 12 | 12.0
Conjurations   | 1 4 6 |  6.5
Fighting       | 1 4 6 |  6.7
Dodging        | 2 3 4 |  4.3
Spellcasting   | 3 4 5 6 8 9 10 | 10.0
Transmutations | 1 3 |  3.0
Armour         | 4 5 |  5.0
Fire Magic     | 1 5 6 |  6.5
Shields        | 3 |  3.0
Stealth        | |  2.1

Action                     |  1- 3 |  4- 6 |  7- 9 | 10-12 || total
---------------------------+-------+-------+-------+-------++-------
  Melee: Unarmed           |     3 |       |       |       ||     3
         Dagger            |    20 |     1 |    21 |    60 ||   102
  Throw: Dart              |       |     2 |       |     2 ||     4
   Cast: Sandblast         |    51 |    60 |   161 |   245 ||   517
         Petrify           |       |       |     8 |     5 ||    13
         Stone Arrow       |       |       |     7 |    49 ||    56
         Fireball          |       |       |       |     3 ||     3
  Evoke: Wand              |       |       |       |     5 ||     5
    Use: Scroll            |     1 |       |    22 |     5 ||    28
         Potion            |       |       |     3 |     2 ||     5
   Stab: Sleeping          |       |     1 |       |       ||     1
         Petrifying        |       |       |       |     1 ||     1
         Petrified         |       |       |       |     1 ||     1
 Armour: Robe              |    26 |    15 |       |       ||    41
         Troll leather arm |       |       |    43 |   139 ||   182
  Dodge: Dodged            |    34 |    20 |    69 |   164 ||   287
  Block: Other             |     8 |     8 |    28 |     6 ||    50
         Reflection        |     1 |       |     5 |     3 ||     9
         Buckler           |       |       |       |   145 ||   145

Table legend: (Time is in decaauts)
 A = Elapsed time spent in this place.
 B = Non-inter-level travel time spent in this place.
 C = Inter-level travel time spent in this place.
 D = Time resting spent in this place.
 E = Time spent auto-exploring this place.
 F = Levels seen in this place.
 G = Mean time per level.
                   A        B        C        D        E       F      G
               +--------+--------+--------+--------+--------+-----+--------+
         Total |  11458 |  11084 |    374 |   1067 |   7909 |  15 |  763.9 |
       Dungeon |   9424 |   9101 |    323 |    910 |   6610 |  10 |  942.4 |
          Lair |   1160 |   1110 |     50 |    115 |    786 |   2 |  580.0 |
         Sewer |    320 |    320 |      0 |     42 |    178 |   1 |  320.0 |
       Ossuary |    244 |    244 |      0 |      0 |    147 |   1 |  244.0 |
        Bailey |    309 |    309 |      0 |      0 |    186 |   1 |  309.0 |
               +--------+--------+--------+--------+--------+-----+--------+

Top non-repeatable levels by time:
     D:9: 1583 daAuts
     D:8: 1150 daAuts
  Lair:1: 1147 daAuts
     D:5: 1005 daAuts
     D:7: 933 daAuts
     D:6: 876 daAuts
     D:3: 854 daAuts
     D:1: 818 daAuts
     D:4: 782 daAuts
    D:10: 742 daAuts
     D:2: 676 daAuts
   Sewer: 320 daAuts
  Bailey: 309 daAuts
 Ossuary: 244 daAuts
  Lair:2: 12 daAuts
